 Dungeon Crawl Stone Soup version 0.27-a0-1144-g0b7d3b79db (webtiles) character file.

Game seed: 4924339199366332924

233267 Ge0ff the Eclecticist (level 18, -4/98 HPs)
             Began as a Deep Elf Necromancer on May 10, 2021.
             Was the Champion of Vehumet.
             Slain by a salamander
             ... wielding a +2 trident of freezing
              (6 damage)
             ... on level 4 of the Snake Pit.
             The game lasted 01:33:20 (50435 turns).

Ge0ff the Eclecticist (Deep Elf Necromancer)       Turns: 50435, Time: 01:33:21

Health: -4/98      AC: 21    Str: 13    XL:     18   Next: 84%
Magic:  31/41      EV: 16    Int: 32    God:    Vehumet [******]
Gold:   1699       SH:  5    Dex: 15    Spells: 10/52 levels left

rFire    + . .     SeeInvis +   a - staff of conjuration
rCold    x x .     Faith    .   G - +0 buckler {AC+3}
rNeg     . . .     Spirit   .   J - +3 salamander hide armour {Flames rF++ rC--}
rPois    +         Reflect  .   C - +0 helmet {Int+3}
rElec    .         Harm     .   r - +0 cloak of Living Intercession {Rampage Will+ SInv}
rCorr    .         Rampage  +   m - +1 pair of gloves of the Unbroken {rF- Regen+ Str+8}
Will     ++...                  Z - +2 pair of boots
Stlth    ++........             x - amulet of regeneration
HPRegen  2.26/turn              O - ring of poison resistance
MPRegen  0.27/turn              A - +4 ring of protection {=R}

@: lethally poisoned (-4 -> -5)
A: no striking features
}: 1/15 runes: decaying
a: Renounce Religion


You were on level 4 of the Snake Pit.
You worshipped Vehumet.
Vehumet was exalted by your worship.
You visited 6 branches of the dungeon, and saw 32 of its levels.
You also visited: Sewer and Gauntlet.

You collected 5022 gold pieces.
You spent 3323 gold pieces at shops.

Inventory:

Hand Weapons
 b - a +2 dagger of electrocution
 h - the +3 flail "Teusowud" {venom, +Blink rCorr Str+3}
   (You found it on level 3 of the Lair of Beasts)

   It poisons the flesh of those it strikes.
   It affects your strength (+3).
   It lets you blink.
   It protects you from acid and corrosion.
Missiles
 g - 6 throwing nets {=f}
 v - 16 curare-tipped darts {=f}
Armour
 c - a +2 troll leather armour
 m - the +1 pair of gloves of the Unbroken (worn) {rF- Regen+ Str+8}
   (You acquired it on level 4 of the Swamp)

   It affects your strength (+8).
   It makes you vulnerable to fire.
   It increases your rate of health regeneration.
 r - the +0 cloak of Living Intercession (worn) {Rampage Will+ SInv}
   (You bought it in a shop on level 2 of the Orcish Mines)

   It lets you see invisible.
   It bestows one free step when moving towards enemies.
   It increases your willpower.
 C - a +0 helmet of intelligence (worn)
 G - a +0 buckler of protection (worn)
 J - the +3 salamander hide armour (worn) {Flames rF++ rC--}
   (You found it on level 14 of the Dungeon)

   It surrounds you with a cloud of flames.
   It grants immunity to clouds of flame.
   It enhances your fire magic.
   It greatly protects you from fire.
   It makes you very vulnerable to cold.
 Z - a +2 pair of boots (worn)
Magical Staves
 a - a staff of conjuration (weapon)
Jewellery
 f - the amulet of Suxtoh {Faith +Blink rC+ rN+ Dex+2}
   (You bought it in a shop on level 1 of the Snake Pit)

   [amulet of faith]

   It allows you to gain divine favour quickly.
   It affects your dexterity (+2).
   It protects you from cold.
   It protects you from negative energy.
   It lets you blink.
 w - a +4 ring of evasion
 x - an amulet of regeneration (around neck)
 A - a +4 ring of protection (right hand) {=R}
 D - a ring of flight
 O - a ring of poison resistance (left hand)
 Q - a ring of resist corrosion
 Y - a ring of wizardry
Wands
 d - a wand of digging (16)
 e - a wand of charming (40)
 j - a wand of acid (38)
 k - a wand of iceblast (36)
 p - a wand of paralysis (23)
 s - a wand of mindburst (21)
 P - a wand of polymorph (13)
Scrolls
 i - 5 scrolls of identify
 t - a scroll of enchant armour
 u - 4 scrolls of holy word
 y - 2 scrolls of immolation
 B - 4 scrolls of blinking
 E - a scroll of fear
 F - 4 scrolls of fog
 S - a scroll of summoning
 T - 6 scrolls of teleportation
 V - a scroll of vulnerability
Potions
 n - 6 potions of mutation {!q}
 o - 2 potions of ambrosia
 q - 9 potions of curing
 z - 3 potions of brilliance
 H - 4 potions of haste {!q}
 I - 5 potions of invisibility
 K - a potion of magic {!q}
 L - 3 potions of lignification
 M - 2 potions of might
 N - 3 potions of cancellation {!q}
 R - 4 potions of resistance
 W - 12 potions of heal wounds {!q}
 X - 8 potions of flight
Miscellaneous
 l - a lightning rod (4/4)
 U - a phantom mirror


   Skills:
 - Level 6.1 Fighting
 - Level 3.0 Short Blades
 - Level 5.0 Armour
 - Level 10.0 Dodging
 - Level 3.0 Stealth
 - Level 4.0 Shields
 + Level 17.9 Spellcasting
 * Level 16.0 Conjurations
 - Level 10.0 Necromancy
 - Level 3.0 Translocations
 - Level 9.7 Transmutations
 * Level 16.5 Fire Magic
 - Level 3.0 Air Magic
 - Level 9.9 Earth Magic
 - Level 9.0 Poison Magic
 - Level 10.3 Evocations


You had 10 spell levels left.
You knew the following spells:

 Your Spells              Type           Power      Damage    Failure   Level
c - Blink                 Tloc           N/A        N/A       1%          2
d - Vampiric Draining     Necr           37%        2d11      1%          3
i - Ignite Poison         Fire/Tmut/Pois 100%       N/A       1%          3
k - Bolt of Magma         Conj/Fire/Erth 66%        4d26      1%          5
r - Olgreb's Toxic Radia  Pois           72%        N/A       1%          4
s - Starburst             Conj/Fire      70%        8x6d18    1%          6
x - Fire Storm            Conj/Fire      70%        8d18      45%         9
C - Fireball              Conj/Fire      70%        3d26      1%          5
E - Irradiate             Conj/Tmut      52%        3d30      1%          5

Your spell library contained the following spells:

 Spells                   Type           Power      Damage    Failure   Level
 Ignition                 Fire           58%        3d16      3%          8
 Chain Lightning          Conj/Air       47%        N/A       45%         8
 Foxfire                  Conj/Fire      100%       2x1d9     0%          1
 Conjure Flame            Conj/Fire      100%       6-21      0%          3
 Sticky Flame             Conj/Fire      100%       2d11      0%          4
 Animate Skeleton         Necr           100%       N/A       1%          1
 Corona                   Hex            31%        N/A       1%          1
 Freeze                   Ice            100%       1d11      1%          1
 Pain                     Necr           100%       1d9       1%          1
 Sandblast                Erth           100%       2d20      1%          1
 Sting                    Tmut/Pois      100%       1d8       1%          1
 Poisonous Vapours        Pois/Air       100%       N/A       1%          2
 Dazzling Flash           Conj/Hex       100%       N/A       1%          3
 Frozen Ramparts          Ice            56%        1d7       1%          3
 Gell's Gravitas          Tloc           23%        N/A       1%          3
 Inner Flame              Hex/Fire       89%        N/A       1%          3
 Lesser Beckoning         Tloc           23%        N/A       1%          3
 Mephitic Cloud           Conj/Pois/Air  93%        N/A       1%          3
 Stone Arrow              Conj/Erth      100%       3d13      1%          3
 Teleport Other           Tloc           47%        N/A       1%          3
 Animate Dead             Necr           37%        N/A       1%          4
 Hailstorm                Conj/Ice       88%        3d18      1%          4
 Petrify                  Tmut/Erth      75%        N/A       1%          4
 Agony                    Necr           75%        N/A       1%          5
 Borgnjor's Vile Clutch   Necr/Erth      37%        N/A       1%          5
 Ensorcelled Hibernation  Hex/Ice        56%        N/A       2%          2
 Confusing Touch          Hex            28%        N/A       4%          3
 Ozocubu's Armour         Ice            28%        N/A       4%          3
 Tukima's Dance           Hex            28%        N/A       4%          3
 Statue Form              Tmut/Erth      50%        N/A       4%          6
 Manifold Assault         Tloc           47%        N/A       14%         5
 Metabolic Englaciation   Hex/Ice        14%        N/A       43%         5


Dungeon Overview and Level Annotations

Branches:
Dungeon (15/15)            Temple (1/1) D:5            Lair (6/6) D:9
  Swamp (4/4) Lair:3        Snake (4/4) Lair:2        Slime (0/5) Lair:5
    Orc (2/2) D:11            Elf (0/3) Orc:2        Vaults (0/5) D:13
 Depths (0/5) D:15          Sewer (visited)         Gauntlet (visited)

Altars:
Ashenzari
Cheibriados
Dithmenos
Elyvilon
Fedhas
Gozag
Hepliaklqana
Kikubaaqudgha
Makhleb
Nemelex Xobeh
Okawaru
Qazlal
Ru
Sif Muna
Trog
Uskayaw
Vehumet
Wu Jian
Xom
Yredelemnul
Zin
The Shining One
Beogh
Jiyva

Shops:
D:2 :   D:7 *?=   Orc:2 [((:   Snake:1 ***!   Snake:3 (

Annotations:
D:10 3 runed translucent doors, exclusion: obsidian statue


Message History

The naga moves out of view.
There is a stone staircase leading up here.
Casting: Irradiate (safe; 1% risk of failure)
Confirm with . or Enter, or press ? or * to list all spells.
Aiming: Bolt of Magma (safe; 1% risk of failure)
Press: ? - help, Shift-Dir - straight line, f - salamander
Aim: a salamander, wielding a +0 halberd (87% to hit)
You feel a strong surge of power!
The bolt of magma hits the salamander!
The salamander partially resists.
The salamander is moderately wounded.
The naga sharpshooter shouts!
The salamander hits you from afar with a +0 halberd!
You are engulfed in flames!
You resist.
Casting: Bolt of Magma (safe; 1% risk of failure)
Confirm with . or Enter, or press ? or * to list all spells.
Aiming: Bolt of Magma (safe; 1% risk of failure)
Press: ? - help, Shift-Dir - straight line, f/p - salamander
Aim: a salamander, wielding a +0 halberd (moderately wounded, 87% to hit)
You feel a strong surge of power!
The bolt of magma hits the salamander!!
The salamander partially resists.
The salamander is severely wounded.
The naga shouts!
The salamander hits you from afar with a +0 halberd!!
You are engulfed in flames!
You resist. The nagaraja casts a spell at you. The poison arrow hits you!
You are poisoned.
You partially resist. The salamander misses you.
You feel sick.
The guardian serpent coils itself and waves its upper body at you.
The nagaraja blinks!
The salamander blinks! x3; The naga sharpshooter blinks!
The naga sharpshooter is engulfed in blazing flames.
The naga sharpshooter unwields a +0 war axe.
The naga sharpshooter wields a +0 arbalest.
The naga sharpshooter mumbles some strange words.
The naga sharpshooter magically shoots a bolt.
The bolt hits you!!
* * * LOW HITPOINT WARNING * * *
The salamander barely misses you.
The nagaraja is engulfed in blazing flames.
The nagaraja spits poison at you. The splash of poison misses you.
The salamander hits you with a +0 halberd.
* * * LOW HITPOINT WARNING * * *
You are engulfed in flames.
You resist.
* * * LOW HITPOINT WARNING * * *
The salamander hits you with a +2 trident of freezing.
* * * LOW HITPOINT WARNING * * *
You are engulfed in flames.
You resist.
You die...

.. . .... .. ..
.#.#. . ...
.###...###..
..##.........##
.##....⌠...⌠....
#......§).......
§......NNN......
..§.⌠.SN@N<..[⌠.
.......○°°....N.
......§..§.§....
#......⌠...⌠....
#...?...........
.#..............
..##...........#
# ####.....####
###+###


You could see a nagaraja (catching breath), a naga sharpshooter, 3 salamanders,
a guardian serpent and a naga.

Vanquished Creatures
  Vashnia (Snake:2)
  A tentacled monstrosity (Swamp:3)
  Rupert (D:13)
  The ghost of Faethron the Warrior, an adept FoFi of Gozag (Swamp:4)
  Asterion (Snake:2)
  A thorn hunter (Swamp:3)
  Roxanne (D:15)
  A nagaraja (Snake:3)
  2 fenstrider witches
  2 orc warlords (Orc:2)
  2 vampire knights (Swamp:4)
  3 dire elephants (Lair:6)
  Azrael (D:15)
  3 bunyips
  3 entropy weavers (Lair:3)
  A minotaur (Gauntlet)
  An ettin (Orc:2)
  8 eleionomae
  A green death (Gauntlet)
  Josephine (D:10)
  5 shambling mangroves
  A rakshasa (D:14)
  24 hydras
  Harold (Lair:1)
  6 naga warriors
  A salamander tyrant (Snake:4)
  5 centaur warriors
  2 boulder beetles
  Erica (Lair:1)
  3 ghost crabs (Lair:3)
  5 anacondas
  16 alligators
  2 two-headed ogres (D:11)
  4 tengu warriors (D:14)
  2 death yaks (Lair:6)
  12 naga sharpshooters
  3 spriggan berserkers (Swamp:4)
  An orc high priest (Orc:2)
  6 shock serpents
  3 salamander mystics
  The ghost of Killmatronix the Slicer, a novice SpBe of Trog (Lair:1)
  A spectral death yak (Lair:6)
  8 goliath frogs
  6 fire crabs (Lair:3)
  16 swamp dragons
  A death drake (Swamp:2)
  A spectral anaconda (Lair:6)
  3 spriggan druids (Swamp:4)
  A lindwurm (Lair:4)
  4 naga ritualists
  5 necromancers
  5 orc knights
  6 bog bodies
  An obsidian statue (Lair:6)
  A phantasmal warrior (Swamp:4)
  5 spectral hydras (Swamp:4)
  A wizard (D:15)
  13 mana vipers
  17 ugly things
  A deep elf zephyrmancer (D:15)
  A deep elf pyromancer (D:15)
  4 orc sorcerers
  5 cyclopes
  5 oklob plants
  A manticore (D:11)
  37 black mambas
  4 will-o-the-wisps
  A salamander (Snake:3)
  10 elephants (Lair:6)
  2 moths of wrath
  2 dire elephant zombies (Lair:6)
  An apocalypse crab (Lair:3)
  A black mamba (shapeshifter) (D:13)
  Maurice (Orc:2)
  A torpor snail (Lair:3)
  6 guardian serpents
  An eye of devastation (Gauntlet)
  19 cane toads
  15 naga magi
  8 komodo dragons
  An orange demon (Gauntlet)
  A dire elephant skeleton (Lair:6)
  2 efreet (D:15)
  A kobold demonologist (D:10)
  9 rime drakes (Lair:3)
  Psyche (D:9)
  3 meliai (D:15)
  2 death drake zombies (Swamp:4)
  4 hydra zombies (Swamp:4)
  17 hornets
  3 polar bears
  8 trolls
  6 bloated husks
  A hydra skeleton (Swamp:4)
  4 slime creatures (D:15)
  A death drake skeleton (Swamp:4)
  11 blink frogs
  8 tyrant leeches
  A spectral elephant (Lair:6)
  2 shadows
  2 dire elephant simulacra (Lair:6)
  15 spriggans
  55 yaks
  5 wraiths
  7 wyverns
  3 fire elementals
  9 basilisks
  16 humans (D:13)
  A golden eye (Gauntlet)
  Grum (D:10)
  8 steam dragons (Lair:3)
  A death yak simulacrum (Lair:6)
  12 vampire mosquitoes
  Menkaure (D:4)
  7 wargs
  2 acid dragons
  33 nagas
  14 swamp worms
  25 water moccasins
  A hydra simulacrum (Swamp:4)
  A hell hound (D:15)
  11 swamp drakes
  2 sky beasts (D:6)
  4 elephant zombies (Lair:6)
  2 swamp dragon zombies (Swamp:4)
  49 orc warriors
  6 ogres
  10 centaurs
  A necrophage (D:4)
  An elephant skeleton (Lair:6)
  23 wolves
  2 phantoms (D:5)
  2 gnoll sergeants
  2 kobold brigands
  14 bullfrogs
  3 scorpions
  A wyvern zombie (D:6)
  A cane toad simulacrum (Lair:6)
  4 elephant simulacra (Lair:6)
  4 killer bees (D:8)
  4 howler monkeys (D:10)
  7 centaur zombies
  2 jellies (Lair:5)
  28 orc priests
  2 hounds
  3 centaur skeletons
  2 bullfrog skeletons
  8 iguanas
  Ijyb (D:3)
  29 orc wizards
  5 hell rats (Lair:5)
  A hound zombie (D:5)
  11 gnolls
  5 adders
  3 white imps
  2 ufetubi (D:4)
  A worm (D:2)
  2 dart slugs
  108 orcs
  2 bats (D:2)
  8 endoplasms
  6 giant cockroaches
  17 goblins
  8 hobgoblins
  11 jackals
  20 kobolds
  5 quokkas
  3 ball pythons (D:1)
  3 frilled lizards
  7 rats
  A bush (Lair:3)
1123 creatures vanquished.

Vanquished Creatures (others)
  9 foxfires
  28 fungi
  73 plants
  23 withered plants (Lair:6)
133 creatures vanquished.

Grand Total: 1256 creatures vanquished

Notes
Turn   | Place    | Note
-------+----------+-------------------------------------------
     0 | D:1      | Ge0ff the Deep Elf Necromancer began the quest for the Orb.
     0 | D:1      | Reached XP level 1. HP: 10/10 MP: 6/6
   608 | D:1      | Reached XP level 2. HP: 11/16 MP: 4/8
   878 | D:1      | Reached skill level 5 in Necromancy
  1253 | D:1      | Found a faded altar of an unknown god.
  1446 | D:1      | Reached XP level 3. HP: 19/20 MP: 8/10
  1637 | D:2      | Found Dajynnon's Book Shop.
  1704 | D:2      | Reached skill level 1 in Fighting
  1883 | D:2      | Reached XP level 4. HP: 22/25 MP: 7/11
  2322 | D:2      | Reached skill level 4 in Spellcasting
  2744 | D:3      | Noticed Ijyb
  2861 | D:3      | Found a glowing drain.
  2891 | D:3      | Reached XP level 5. HP: 16/30 MP: 1/13
  2892 | Sewer    | Entered a sewer
  3047 | Sewer    | Learned a level 3 spell: Vampiric Draining
  3156 | Sewer    | Noticed a water moccasin
  3163 | Sewer    | Killed a water moccasin
  3164 | Sewer    | Reached skill level 1 in Armour
  3164 | Sewer    | Reached skill level 5 in Spellcasting
  3460 | D:3      | Killed Ijyb
  3461 | D:3      | Reached XP level 6. HP: 29/35 MP: 8/15
  4480 | D:4      | Noticed Menkaure
  5006 | D:4      | Reached skill level 1 in Short Blades
  5006 | D:4      | Reached skill level 1 in Evocations
  5006 | D:4      | Reached XP level 7. HP: 31/40 MP: 4/17
  5415 | D:5      | Entered Level 5 of the Dungeon
  5447 | D:5      | Reached skill level 6 in Spellcasting
  5860 | D:5      | Found a staircase to the Ecumenical Temple.
  5865 | Temple   | Entered the Ecumenical Temple
  6083 | Temple   | Became a worshipper of Vehumet
  6118 | D:5      | Reached XP level 8. HP: 45/45 MP: 9/19
  6483 | D:5      | Found a white marble altar of Elyvilon.
  7192 | D:6      | Reached skill level 7 in Spellcasting
  7600 | D:6      | Reached skill level 5 in Dodging
  8428 | D:7      | Found Etan's Jewellery Shop.
  8518 | D:7      | Found Piest's Magic Scroll Shop.
  8776 | D:7      | Found Hoiti's General Store.
  8793 | D:7      | Reached * piety under Vehumet
  8793 | D:7      | Offered knowledge of Magic Dart by Vehumet.
  8794 | D:7      | Reached skill level 5 in Evocations
  8921 | D:7      | Noticed a hornet
  8930 | D:7      | Killed a hornet
  8931 | D:7      | Reached XP level 9. HP: 34/50 MP: 4/21
  9728 | D:4      | Killed Menkaure
  9729 | D:4      | Reached skill level 10 in Necromancy
 10147 | D:8      | Reached skill level 8 in Spellcasting
 10319 | D:7      | Reached skill level 9 in Spellcasting
 10554 | D:7      | Reached skill level 10 in Spellcasting
 10803 | D:8      | Reached skill level 11 in Spellcasting
 11092 | D:8      | Reached XP level 10. HP: 47/56 MP: 18/27
 11268 | D:8      | Reached ** piety under Vehumet
 11269 | D:8      | Offered knowledge of Poisonous Vapours by Vehumet.
 11274 | D:8      | Learned a level 2 spell: Poisonous Vapours
 11619 | D:8      | Reached skill level 1 in Poison Magic
 11867 | D:9      | Noticed Psyche
 11875 | D:9      | Killed Psyche
 11876 | D:9      | Reached skill level 1 in Air Magic
 12373 | D:9      | Offered knowledge of Ignite Poison by Vehumet.
 12378 | D:9      | Learned a level 3 spell: Ignite Poison
 12430 | D:9      | Found a staircase to the Lair.
 12522 | D:9      | Reached *** piety under Vehumet
 12745 | D:9      | Reached skill level 1 in Transmutations
 12745 | D:9      | Reached skill level 1 in Fire Magic
 13342 | D:10     | Entered Level 10 of the Dungeon
 13374 | D:10     | Reached skill level 12 in Spellcasting
 13649 | D:10     | Noticed Josephine
 13657 | D:10     | Killed Josephine
 13658 | D:10     | Reached XP level 11. HP: 60/60 MP: 13/29
 13841 | D:10     | Offered knowledge of Fulminant Prism by Vehumet.
 13886 | D:10     | Identified the +2 robe "Vuevaredi" {rF- Int+5}
 13926 | D:10     | Identified the +7 chain mail of Luonwuf {Harm rN+ Int-3
                  | Slay+4}
 14118 | D:10     | Found a runed translucent door.
 14130 | D:10     | Found a runed translucent door.
 14148 | D:10     | Found a runed translucent door.
 14158 | D:10     | Noticed Grum
 14165 | D:10     | Killed Grum
 14289 | D:10     | Found a runed translucent door.
 14293 | D:10     | Noticed an obsidian statue
 14623 | D:10     | Reached **** piety under Vehumet
 14749 | D:11     | Noticed a six-headed hydra
 14931 | D:11     | Noticed a two-headed ogre
 14939 | D:11     | Killed a two-headed ogre
 14939 | D:11     | Offered knowledge of Bolt of Magma by Vehumet.
 14946 | D:11     | Learned a level 5 spell: Bolt of Magma
 15134 | D:11     | Reached skill level 1 in Conjurations
 15134 | D:11     | Reached skill level 1 in Earth Magic
 15281 | D:11     | Noticed a two-headed ogre
 15285 | D:11     | Killed a two-headed ogre
 15286 | D:11     | Reached skill level 5 in Fire Magic
 15544 | D:11     | Reached skill level 5 in Transmutations
 15655 | D:7      | Bought a scroll of acquirement for 780 gold pieces
 15656 | D:7      | Acquired 655 gold pieces
 15761 | D:2      | Bought a Young Poisoner's Handbook for 520 gold pieces
 15765 | D:2      | Learned a level 3 spell: Mephitic Cloud
 15770 | D:2      | Learned a level 4 spell: Olgreb's Toxic Radiance
 15983 | D:11     | Found a staircase to the Orcish Mines.
 16334 | Lair:1   | Entered Level 1 of the Lair of Beasts
 16365 | Lair:1   | Reached skill level 13 in Spellcasting
 16642 | Lair:1   | Noticed Erica
 16657 | Lair:1   | Found a runed translucent gate.
 16658 | Lair:1   | Found a runed translucent gate.
 16659 | Lair:1   | Found a runed translucent gate.
 16660 | Lair:1   | Noticed Killmatronix's ghost (novice SpBe)
 16875 | Lair:1   | Noticed Harold
 17026 | Lair:1   | Learned a level 2 spell: Blink
 17141 | Lair:1   | Noticed a four-headed hydra
 17346 | Lair:1   | Found an opulent altar of Gozag.
 17953 | Lair:2   | Noticed a six-headed hydra
 17961 | Lair:2   | Found a staircase to the Snake Pit.
 18126 | Lair:2   | Reached XP level 12. HP: 63/64 MP: 28/31
 18206 | Lair:2   | Reached skill level 1 in Translocations
 18480 | Lair:2   | Reached ***** piety under Vehumet
 18575 | Lair:2   | Offered knowledge of Irradiate by Vehumet.
 18582 | Lair:2   | Learned a level 5 spell: Irradiate
 19266 | Lair:3   | Noticed a six-headed hydra
 19272 | Lair:3   | Killed a six-headed hydra
 19287 | Lair:3   | Reached skill level 5 in Earth Magic
 19441 | Lair:3   | Reached skill level 5 in Conjurations
 19612 | Lair:3   | Noticed an eight-headed hydra
 19618 | Lair:3   | Killed an eight-headed hydra
 20216 | Lair:3   | Reached skill level 1 in Shields
 20283 | Lair:3   | Reached skill level 5 in Poison Magic
 20511 | Lair:3   | Reached XP level 13. HP: 46/68 MP: 18/32
 21240 | D:11     | Found a staircase to the Orcish Mines.
 21542 | D:12     | Found a shadowy altar of Dithmenos.
 21633 | D:12     | Offered knowledge of Ozocubu's Refrigeration by Vehumet.
 22445 | Orc:1    | Entered Level 1 of the Orcish Mines
 23301 | Orc:2    | Entered Level 2 of the Orcish Mines
 23428 | Orc:2    | Noticed an ettin
 23436 | Orc:2    | Killed an ettin
 23442 | Orc:2    | Noticed Maurice
 23445 | Orc:2    | Killed Maurice
 23605 | Orc:2    | Found a staircase to the Elven Halls.
 23671 | Orc:2    | Offered knowledge of Starburst by Vehumet.
 23688 | Orc:2    | Learned a level 6 spell: Starburst
 23698 | Orc:2    | Noticed an orc warlord
 23707 | Orc:2    | Killed an orc warlord
 24929 | Orc:2    | Noticed an orc warlord
 24945 | Orc:2    | Killed an orc warlord
 24946 | Orc:2    | Reached skill level 14 in Spellcasting
 25001 | Orc:2    | Offered knowledge of Spellforged Servitor by Vehumet.
 25314 | Orc:2    | Found Gyuca's Weapon Emporium.
 25373 | Orc:2    | Found Epnuepi's Book Shoppe.
 25482 | Orc:2    | Found Zorghia's Antique Weapon Boutique.
 25486 | Orc:2    | Found Geleix's Antique Armour Shop.
 25492 | Orc:2    | Bought a masterwork cloak for 323 gold pieces
 25492 | Orc:2    | Identified the +0 cloak of Living Intercession {Rampage
                  | Will+ SInv} (You bought it in a shop on level 2 of the
                  | Orcish Mines)
 25891 | Lair:1   | Killed Killmatronix's ghost
 25925 | Lair:1   | Killed Erica
 26120 | Lair:1   | Killed Harold
 26299 | Lair:3   | Identified the +3 flail "Teusowud" {venom, +Blink rCorr
                  | Str+3}
 26459 | Lair:3   | Identified the +1 leather armour "Vugriwe" {-Cast Will+++
                  | Dex+2}
 26522 | Lair:3   | Reached XP level 14. HP: 74/74 MP: 31/34
 26772 | Lair:3   | Found a runed translucent door.
 27385 | Lair:3   | Identified the +10 morningstar of Etynenla {vamp, rC- rN+
                  | Int+10 Dex-5}
 27696 | Lair:3   | Found a staircase to the Swamp.
 27879 | Lair:4   | Offered knowledge of Yara's Violent Unravelling by Vehumet.
 28082 | Lair:4   | Reached skill level 10 in Fire Magic
 29628 | Lair:5   | Found a runed translucent door.
 29713 | Lair:5   | Found a viscous altar of Jiyva.
 29713 | Lair:5   | Found a staircase to the Slime Pits.
 30085 | Lair:6   | Entered Level 6 of the Lair of Beasts
 31036 | Lair:6   | Reached XP level 15. HP: 75/80 MP: 23/35
 32074 | Lair:6   | Offered knowledge of Lightning Bolt by Vehumet.
 32252 | Lair:6   | Reached skill level 10 in Conjurations
 33227 | D:13     | Acquired 627 gold pieces
 33888 | D:13     | Found a gate to the Vaults.
 33892 | D:13     | Reached skill level 5 in Armour
 33895 | D:13     | Reached skill level 5 in Fighting
 33898 | D:13     | Noticed Rupert
 33904 | D:13     | Killed Rupert
 33905 | D:13     | Reached skill level 15 in Spellcasting
 34217 | D:14     | Reached ****** piety under Vehumet
 34222 | D:14     | Found a gate leading to a gauntlet.
 34231 | Gauntlet | Entered a Gauntlet
 34231 | Gauntlet | Found a transporter.
 34231 | Gauntlet | Found a transporter.
 34257 | Gauntlet | Found a transporter.
 34260 | Gauntlet | Found a transporter.
 34264 | Gauntlet | Found a runed translucent door.
 34266 | Gauntlet | Found a runed translucent door.
 34268 | Gauntlet | Found a transporter.
 34272 | Gauntlet | Found a transporter.
 34282 | Gauntlet | Found a transporter.
 34298 | Gauntlet | Found a transporter.
 34316 | Gauntlet | Found a transporter.
 34316 | Gauntlet | Found a transporter.
 34329 | Gauntlet | Found a transporter.
 34330 | Gauntlet | Found a transporter.
 34415 | Gauntlet | Offered knowledge of Lehudib's Crystal Spear by Vehumet.
 34420 | Gauntlet | Identified the +7 plate armour "Potad" {Dex+3}
 34511 | Gauntlet | Identified the +0 helmet "Bula" {Dex+3}
 35345 | D:14     | Found the +3 salamander hide armour {Flames rF++ rC--}
 35732 | D:15     | Entered Level 15 of the Dungeon
 35737 | D:15     | Reached XP level 16. HP: 88/88 MP: 34/37
 36533 | D:15     | Found a staircase to the Depths.
 36682 | D:15     | Noticed Azrael
 36807 | D:15     | Killed Azrael
 36808 | D:15     | Reached skill level 10 in Evocations
 37272 | D:15     | Identified Roxanne's Grimoire of the Rocks
 37272 | D:15     | Noticed Roxanne
 37281 | D:15     | Killed Roxanne
 37495 | D:15     | Found a white marble altar of Elyvilon.
 37702 | D:7      | Bought a +0 pair of boots for 72 gold pieces
 37702 | D:7      | Bought a scroll of identify for 32 gold pieces
 37702 | D:7      | Bought a scroll of identify for 32 gold pieces
 37702 | D:7      | Bought a potion of heal wounds for 80 gold pieces
 37722 | D:8      | Learned a level 5 spell: Fireball
 37895 | Swamp:1  | Entered Level 1 of the Swamp
 37997 | Swamp:1  | Reached skill level 10 in Dodging
 37997 | Swamp:1  | Offered knowledge of Fire Storm by Vehumet.
 37997 | Swamp:1  | Offered knowledge of Chain Lightning by Vehumet.
 37997 | Swamp:1  | Offered knowledge of Ignition by Vehumet.
 38020 | Lair:3   | Learned a level 9 spell: Fire Storm
 41033 | Swamp:3  | Reached XP level 17. HP: 93/93 MP: 27/38
 41323 | Swamp:3  | Reached skill level 16 in Spellcasting
 41719 | Swamp:3  | Noticed a tentacled monstrosity
 41725 | Swamp:3  | Killed a tentacled monstrosity
 42195 | Swamp:3  | Identified the +1 chain mail of Neod {Slay+3}
 42364 | Swamp:4  | Entered Level 4 of the Swamp
 43186 | Swamp:4  | Noticed Faethron's ghost (adept FoFi)
 43213 | Swamp:4  | Found a bloodstained altar of Trog.
 43237 | Swamp:4  | Found a transporter.
 43239 | Swamp:4  | Found a transporter.
 44428 | Swamp:4  | Found a blossoming altar of Fedhas.
 44601 | Swamp:4  | Found a basalt altar of Yredelemnul.
 44657 | Swamp:4  | Got a decaying rune of Zot
 44707 | Swamp:4  | Acquired the +1 pair of gloves of the Unbroken {rF- Regen+
                  | Str+8}
 45214 | Swamp:4  | Killed Faethron's ghost
 45215 | Swamp:4  | Reached skill level 17 in Spellcasting
 45215 | Swamp:4  | Reached skill level 15 in Fire Magic
 45557 | Snake:1  | Entered Level 1 of the Snake Pit
 45829 | Snake:1  | Reached XP level 18. HP: 98/98 MP: 31/41
 46080 | Snake:1  | Found Jaraqal's Assorted Antiques.
 46085 | Snake:1  | Found Wecwoir's Distillery.
 46085 | Snake:1  | Found Joagrag's Assorted Antiques.
 46088 | Snake:1  | Found Yjicuiv's Assorted Antiques.
 46090 | Snake:1  | Bought 2 fuming blue potions for 55 gold pieces
 46090 | Snake:1  | Bought a scroll labelled KIESEQIXTU for 31 gold pieces
 46090 | Snake:1  | Bought a wand of digging (4) for 248 gold pieces
 46093 | Snake:1  | Bought a wavering diamond amulet for 195 gold pieces
 46093 | Snake:1  | Identified the amulet of Suxtoh {Faith +Blink rC+ rN+
                  | Dex+2} (You bought it in a shop on level 1 of the Snake
                  | Pit)
 46093 | Snake:1  | Bought a scroll of identify for 78 gold pieces
 46093 | Snake:1  | Bought a scroll of identify for 78 gold pieces
 46093 | Snake:1  | Bought a scroll of identify for 78 gold pieces
 46093 | Snake:1  | Bought a potion of brilliance for 156 gold pieces
 46093 | Snake:1  | Bought a potion of invisibility for 312 gold pieces
 46093 | Snake:1  | Bought a scroll of immolation for 136 gold pieces
 46093 | Snake:1  | Bought a scroll of teleportation for 117 gold pieces
 47052 | Snake:2  | Noticed Vashnia
 47134 | Snake:2  | Reached skill level 15 in Conjurations
 47551 | Snake:2  | Killed Vashnia
 47792 | Snake:2  | Noticed Asterion
 47795 | Snake:2  | Killed Asterion
 49365 | Snake:3  | Found Lewuajue's Weapon Shop.
 50274 | Snake:4  | Entered Level 4 of the Snake Pit
 50435 | Snake:4  | HP: 3/98 [salamander/+0 halberd (6)]
 50435 | Snake:4  | Slain by a salamander

Illustrated notes

Levels and vault maps discovered:
D:1:      erik_arrival_triangle_medium, layout_loops_corners,
          hellmonk_ecumenical_altar_prayer_group, minmay_tetromino_t4
D:2:      layout_basic, serial_shops, shop_coins, minmay_tripent
D:3:      kennysheep_the_goblin_king, layout_basic, gup_sewer_entry_bowl
D:4:      layout_layer_cave, minmay_goblin_kobold_house, uniq_menkaure
D:5:      layout_gridville, lemuel_round_altar, minmay_temple_entry_arrows
D:6:      layout_loops_corners, sigmund_army
D:7:      layout_loops_ring, serial_shops, nicolae_shop_stone, shop, shop,
          kennysheep_generic_room_7
D:8:      layout_cave_pools, hangedman_decor_growths, lightli_minifort
D:9:      layout_roguey, erik_lair_orcish_takeover, uniq_psyche
D:10:     layout_gridville, minmay_statue_crystal_thing, uniq_josephine,
          uniq_grum
D:11:     layout_roguey, hiddenorc1_lemuel
D:12:     layout_roguey, chequers_mini_garden, grunt_dithmenos_smoke
D:13:     layout_loops_ring, david_vaults_3
D:14:     layout_basic, gauntlet_entry_generic, minmay_misc_feat_pillars
D:15:     grunt_enter_depths_magical_seal, layout_basic, elyvilon_altar_5,
          uniq_azrael, uniq_rupert, uniq_roxanne
Temple:   minmay_crystal_snake_temple
Lair:1:   layout_regular_city, ebering_ghost_rock_garden, lemuel_centaur_altar,
          uniq_harold, uniq_erica
Lair:2:   layout_chaotic_city, guppyfry_snake_entry_garden, beast_lair_carwin_6,
          grunt_megastairs_2
Lair:3:   gammafunk_mikee_crab_dinner, layout_chaotic_city,
          palyth_hydra_swamp_entry, minmay_lair_oklob_items,
          bobbens_dragon_lair_wall, grunt_megastairs_5
Lair:4:   layout_gridlike, minmay_lair_oklob_bushes
Lair:5:   layout_cave_pods, slime_altar_2, beast_lair_carwin_4,
          lemuel_fruit_tree, serial_bayou_shore_a
Lair:6:   due_jungle_book, layout_long_grid, chequers_serial_rivers_micro_a,
          grunt_forest_large_clearing_hut
Swamp:1:  nicolae_swamp_decorative_isthmus, layout_basic_swamp,
          evilmike_swamp_ruin_house_6
Swamp:2:  layout_basic_swamp, evilmike_swamp_ruin_rubble_1, swamp_pool4,
          st_swamp_mini, infiniplex_staircase_pool
Swamp:3:  nzn_winding_woodlands_medium [nzn_winding_woodlands_5x5_perimeter,
          nzn_winding_woodlands_5x15_cabin,
          nzn_winding_woodlands_5x5_closed_star,
          nzn_winding_woodlands_5x5_checkerboard,
          nzn_winding_woodlands_center_lodge, nzn_winding_woodlands_5x5_cross,
          nzn_winding_woodlands_5x5_open_star,
          nzn_winding_woodlands_5x15_pockets, nzn_winding_woodlands_5x5_three],
          layout_falls_marsh, evilmike_swamp_ruin_house_1,
          infiniplex_staircase_pool_2
Swamp:4:  byrel_swamp_growth_death_and_undeath, layout_basic_swamp,
          gammafunk_ghost_wrathful_warriors
Snake:1:  layout_misc_corridors, grunt_megastairs_3, serial_bayou_shore_b,
          minmay_shoptagon
Snake:2:  layout_rooms, uniq_asterion, uniq_vashnia
Snake:3:  layout_layer_cave, serial_shops, shop, drop_trap
Snake:4:  snake_hunt, layout_cave_town, basic_altar, nicolae_large_snake_swirl,
          uniq_aizul
Orc:1:    layout_diamond_mine, nicolae_orc_damp_corner
Orc:2:    grunt_orc_community_town_hall, layout_caves,
          grunt_orc_community_big_house_2, grunt_orc_community_big_house_1,
          grunt_orc_community_house_2, grunt_orc_community_house_1,
          grunt_orc_community_house_3, grunt_orc_community_house_1,
          grunt_orc_community_house_2, basic_altar, uniq_maurice

Skill      XL: |  1  2  3  4  5  6  7  8  9 10 11 12 13 14 15 16 17 18 |
---------------+-------------------------------------------------------+-----
Necromancy     | 5 6 7 9 10 | 10.0
Stealth        | 3 |  3.0
Fighting       | 1 2 3 4 5 6 |  6.1
Dodging        | 3 4 5 7 8 9 10 | 10.0
Spellcasting   | 4 5 6 7 11 12 13 14 15 17 | 17.9
Armour         | 1 2 3 4 5 |  5.0
Short Blades   | 1 3 |  3.0
Evocations     | 1 2 5 6 7 8 9 10 | 10.3
Poison Magic   | 3 5 6 7 8 9 |  9.0
Air Magic      | 3 |  3.0
Transmutations | 3 5 6 7 8 9 |  9.7
Fire Magic     | 3 5 8 9 10 11 13 15 16 | 16.5
Conjurations   | 3 6 8 9 10 12 14 16 | 16.0
Earth Magic    | 3 6 7 8 9 |  9.9
Translocations | 3 |  3.0
Shields        | 1 3 4 |  4.0

Action                   |  1- 3 |  4- 6 |  7- 9 | 10-12 | 13-15 | 16-18 || total
-------------------------+-------+-------+-------+-------+-------+-------++-------
Melee: Dagger            |       |    19 |   113 |   127 |       |       ||   259
       Staff             |       |       |       |     4 |    26 |    31 ||    61
Throw: Stone             |     1 |       |     3 |     3 |       |       ||     7
       Dart              |       |       |       |       |     2 |       ||     2
 Cast: Pain              |    54 |   106 |    83 |    66 |       |       ||   309
       Vampiric Draining |       |     6 |    73 |    75 |       |       ||   154
       Poisonous Vapours |       |       |       |   138 |     9 |       ||   147
       Ignite Poison     |       |       |       |    55 |   116 |     9 ||   180
       Olgreb's Toxic Ra |       |       |       |    24 |   152 |     8 ||   184
       Bolt of Magma     |       |       |       |    35 |   223 |    89 ||   347
       Irradiate         |       |       |       |    11 |    48 |    53 ||   112
       Fireball          |       |       |       |       |       |   415 ||   415
       Starburst         |       |       |       |       |       |     2 ||     2
Evoke: Wand              |       |       |     1 |     5 |     5 |     6 ||    17
       Phantom mirror    |       |       |       |       |       |     2 ||     2
  Use: Scroll            |       |     5 |     3 |    10 |     9 |    17 ||    44
       Potion            |       |       |       |       |     3 |       ||     3
 Stab: Sleeping          |       |     2 |     1 |     1 |       |       ||     4
       Paralysed         |       |       |     2 |       |       |       ||     2
       Distracted        |       |       |       |       |       |     1 ||     1
Armor: Leather armour    |       |    10 |    64 |    57 |       |    48 ||   179
       Troll leather arm |       |       |       |    12 |    38 |    11 ||    61
Dodge: Dodged            |     2 |    22 |   160 |   245 |   117 |   127 ||   673
Block: Buckler           |       |       |       |     2 |    28 |    37 ||    67

Table legend: (Time is in decaauts)
 A = Elapsed time spent in this place.
 B = Non-inter-level travel time spent in this place.
 C = Inter-level travel time spent in this place.
 D = Time resting spent in this place.
 E = Time spent auto-exploring this place.
 F = Levels seen in this place.
 G = Mean time per level.
                   A        B        C        D        E       F      G
               +--------+--------+--------+--------+--------+-----+--------+
         Total |  50961 |  47523 |   3438 |   1218 |  40016 |  34 | 1498.9 |
       Dungeon |  21705 |  19908 |   1797 |    348 |  16860 |  15 | 1447.0 |
        Temple |    248 |    182 |     66 |      0 |    180 |   1 |  248.0 |
          Lair |  12397 |  11577 |    820 |    380 |   9792 |   6 | 2066.2 |
         Swamp |   7849 |   7362 |    487 |    349 |   6093 |   4 | 1962.2 |
     Snake Pit |   4752 |   4609 |    143 |    141 |   4015 |   4 | 1188.0 |
  Orcish Mines |   3320 |   3198 |    122 |      0 |   2582 |   2 | 1660.0 |
         Sewer |    360 |    360 |      0 |      0 |    285 |   1 |  360.0 |
      Gauntlet |    326 |    326 |      0 |      0 |    207 |   1 |  326.0 |
               +--------+--------+--------+--------+--------+-----+--------+

Top non-repeatable levels by time:
  Lair:3: 3366 daAuts
 Swamp:4: 3134 daAuts
  Lair:6: 2904 daAuts
 Swamp:3: 2172 daAuts
  Lair:1: 2085 daAuts
     D:7: 2020 daAuts
   Orc:2: 1992 daAuts
 Snake:3: 1913 daAuts
     D:6: 1898 daAuts
     D:1: 1896 daAuts
    D:11: 1862 daAuts
     D:9: 1837 daAuts
 Snake:1: 1779 daAuts
  Lair:2: 1681 daAuts
     D:4: 1663 daAuts
